[Event "Titled Tuesday Blitz October 31 Late 2023"]
[White "Karttunen, Mika"]
[Black "Rohan, Ahuja"]
[WhiteFideId "502081"]
[BlackFideId "5090598"]
[WhiteElo "2598"]
[BlackElo "2715"]
[Result "0-1"]
[Round "8"]
[TimeControl "180+1"]
[Date "2023.10.31"]
[WhiteClock "0:00:11"]
[BlackClock "0:00:11"]
[Board "32"]

1. d4 Nf6 2. c4 g6 3. Nc3 d5 4. cxd5 Nxd5 5. e4 Nxc3 6. bxc3 Bg7 7. Be3 c5 8. Qd2 Qa5 9. Rb1 b6 10. Rb5 Qa3 11. Qb2 Qxb2 12. Rxb2 O-O 13. e5 cxd4 14. cxd4 Be6 15. f4 Nc6 16. Nf3 Bd5 17. Ba6 Rfd8 18. Nh4 Rab8 19. O-O e6 20. Rc1 Bf8 21. Rf2 Nb4 22. Bf1 Rdc8 23. Rxc8 Rxc8 24. a3 Nc2 25. Re2 Bxa3 26. g4 Bb2 27. f5 Ba1 28. Bf2 Nxd4 29. Re1 Nc2 30. Re2 Bb2 31. Bg2 Bxg2 32. Kxg2 Ba3 33. fxe6 fxe6 34. Nf3 Be7 35. h4 Nb4 36. Rb2 Nd5 37. Ra2 Rc7 38. h5 Bc5 39. Bg3 Be7 40. hxg6 hxg6 41. Nh4 Kg7 42. Nf3 Bc5 43. Bh4 Be7 44. Bxe7 Nxe7 45. Nd4 Rd7 46. Nxe6+ Kf7 47. Ng5+ Kg7 48. Ne6+ Kf7 49. Nf4 Rc7 50. Rf2 Ke8 51. Ne6 Rc4 52. Ng7+ Kd7 53. Rd2+ Kc7 54. e6 Kc6 55. Rd7 Nd5 56. Rxa7 Re4 57. Ra8 Rxg4+ 58. Kf3 Rf4+ 59. Kg3 Re4 60. Rc8+ Kb7 61. Rd8 Nc7 62. Rd7 Kc6 63. Rf7 Nxe6 64. Rf6 Kd5 65. Rxg6 Nxg7 66. Rxg7 b5 67. Rb7 Kc4 68. Kf3 Re8 69. Rc7+ Kb3 70. Rb7 b4 71. Kf2 Kc3 72. Rc7+ Kb2 73. Rb7 b3 0-1


[Site "https://www.chess.com"]

[Event "Titled Tuesday Blitz October 31 Late 2023"]
[White "Tanenbaum, Zachary"]
[Black "Sanchez Alvares, Kelvin Antonio"]
[WhiteFideId "2060850"]
[BlackFideId "3906680"]
[WhiteElo "2706"]
[BlackElo "2587"]
[Result "0-1"]
[Round "8"]
[TimeControl "180+1"]
[Date "2023.10.31"]
[WhiteClock "0:00:07"]
[BlackClock "0:00:16"]
[Board "33"]

1. e4 e5 2. Nf3 Nc6 3. Bc4 Bc5 4. d3 d6 5. Ng5 Nh6 6. O-O O-O 7. h3 Na5 8. Nf3 Nxc4 9. dxc4 f5 10. Bxh6 gxh6 11. Nc3 c6 12. Qd2 Qf6 13. Rad1 Kh8 14. Qe2 Rg8 15. Kh1 Be6 16. exf5 Bxf5 17. Ne4 Bxe4 18. Qxe4 Raf8 19. c3 a5 20. a3 a4 21. Rd3 Qe6 22. Rd2 Rf4 23. Qe2 Qxc4 24. Qxc4 Rxc4 25. g3 Rf8 26. Kg2 e4 27. Nd4 Bxd4 28. Rxd4 Rxd4 29. cxd4 d5 30. f3 exf3+ 31. Rxf3 Rxf3 32. Kxf3 Kg7 33. Kf4 Kf6 34. h4 h5 35. g4 hxg4 36. Kxg4 b6 37. Kf4 c5 38. Ke3 Kf5 39. Kd3 h5 40. dxc5 bxc5 41. Kc3 d4+ 42. Kd3 Kg4 43. b3 axb3 44. a4 c4+ 45. Kd2 c3+ 46. Kd3 b2 47. Kc2 d3+ 48. Kxc3 b1=Q 49. a5 Qa1+ 50. Kb4 Qxa5+ 51. Kb3 Qc5 52. Ka4 Qb6 53. Ka3 Kf4 54. Ka2 Kg4 55. Ka3 Kxh4 56. Ka2 Kg4 57. Ka3 Kf4 58. Ka2 Ke3 59. Ka3 Kd2 60. Ka2 Kc2 61. Ka3 Qb3# 0-1


[Site "https://www.chess.com"]

[Event "Titled Tuesday Blitz October 31 Late 2023"]
[White "Chan, Luis"]
[Black "Zavgorodniy, Sergiy"]
[WhiteFideId "3216357"]
[BlackFideId "14110148"]
[WhiteElo "2584"]
[BlackElo "2683"]
[Result "0-1"]
[Round "8"]
[TimeControl "180+1"]
[Date "2023.10.31"]
[WhiteClock "0:00:00"]
[BlackClock "0:00:20"]
[Board "34"]

1. b3 b6 2. Bb2 Bb7 3. e3 e6 4. Nf3 Nf6 5. d4 d5 6. Bd3 Be7 7. O-O Nbd7 8. Nbd2 O-O 9. Ne5 c5 10. f4 Ne4 11. Nxe4 dxe4 12. Bb5 Nf6 13. Nc6 Bxc6 14. Bxc6 Rc8 15. Bb7 Rc7 16. Ba6 Nd5 17. Qd2 cxd4 18. Bxd4 Bb4 19. Qe2 Nc3 20. Qg4 g6 21. f5 h5 22. Qf4 b5 23. Qh6 Ne2+ 24. Kh1 Nxd4 25. fxg6 fxg6 26. Qxg6+ Rg7 27. Qxh5 Rxf1+ 28. Rxf1 Nf5 29. Qe2 Qh4 30. Kg1 Bc5 31. Rxf5 exf5 32. Bxb5 Kh8 33. Qd2 Qg5 34. Kf1 Bxe3 35. Qe2 f4 0-1


[Site "https://www.chess.com"]

[Event "Titled Tuesday Blitz October 31 Late 2023"]
[White "Likvidator228"]
[Black "Pinheiro, Iung Alicio de O."]
[BlackFideId "2104350"]
[WhiteElo "2559"]
[BlackElo "2646"]
[Result "1/2-1/2"]
[Round "8"]
[TimeControl "180+1"]
[Date "2023.10.31"]
[WhiteClock "0:00:07"]
[BlackClock "0:00:12"]
[Board "35"]

1. d4 Nf6 2. c4 e6 3. Nc3 Bb4 4. Qc2 Nc6 5. Nf3 d6 6. a3 Bxc3+ 7. Qxc3 Qe7 8. e3 a5 9. Be2 e5 10. O-O Bf5 11. b4 exd4 12. Nxd4 Bd7 13. Bb2 O-O 14. Bf3 Rfb8 15. Nb5 Bf5 16. h3 Ne5 17. Be2 Ne4 18. Qd4 f6 19. f4 Nf7 20. Bf3 Ng3 21. Rfe1 Be4 22. Bxe4 Nxe4 23. Nxc7 Qxc7 24. Qxe4 Re8 25. Qd5 a4 26. Bd4 Rac8 27. Rac1 Kh8 28. Qb5 Qc6 29. Qxc6 bxc6 30. Kf2 f5 31. g4 Nh6 32. Rg1 Kg8 33. Kf3 Kf7 34. c5 d5 35. Be5 g6 36. Rb1 Re7 37. b5 cxb5 38. Rxb5 Ng8 39. Rd1 Rd8 40. c6 Nf6 41. c7 Rc8 42. g5 Nd7 43. Rbxd5 Nxe5+ 44. fxe5 Rexc7 45. Rd7+ Ke6 46. R1d6+ Kxe5 47. Rd5+ Ke6 48. R5d6+ Ke5 49. Rd5+ Ke6 50. R5d6+ Ke5 1/2-1/2


[Site "https://www.chess.com"]

[Event "Titled Tuesday Blitz October 31 Late 2023"]
[White "Gurevich, Dmitry"]
[Black "ArtemDyachuk"]
[WhiteFideId "2000407"]
[WhiteElo "2549"]
[BlackElo "2644"]
[Result "1-0"]
[Round "8"]
[TimeControl "180+1"]
[Date "2023.10.31"]
[WhiteClock "0:00:19"]
[BlackClock "0:00:51"]
[Board "36"]

1. d4 Nf6 2. c4 c6 3. Bf4 d5 4. e3 e6 5. Nc3 Bd6 6. Bxd6 Qxd6 7. Nf3 Nbd7 8. Be2 O-O 9. O-O b6 10. Rc1 Bb7 11. Qc2 Rac8 12. e4 dxe4 13. Nxe4 Nxe4 14. Qxe4 Nf6 15. Qe5 Qe7 16. c5 Rfd8 17. h3 Rd5 18. Qe3 Rf5 19. Ne5 Nd5 20. Qd2 bxc5 21. Bg4 Rf4 22. Rxc5 Qg5 23. h4 Qh6 24. g3 Rf6 25. Qxh6 Rxh6 26. Rfc1 Kf8 27. Nxc6 Rg6 28. Bf3 Nf6 29. Ne5 Rxc5 30. Nxg6+ hxg6 31. dxc5 Bxf3 32. c6 Nd5 33. c7 Nb6 34. c8=Q+ Nxc8 35. Rxc8+ Ke7 36. Rc7+ Kf6 37. Rxa7 e5 38. a4 Ke6 39. a5 e4 40. Rb7 g5 41. hxg5 Kf5 42. Rb5+ Kg4 43. a6 Be2 44. a7 Bxb5 45. a8=Q Bd3 46. Qc8+ Kxg5 47. Qc3 g6 48. Qe5+ f5 49. b4 Kh6 50. Qh8+ Kg5 51. Qh4# 1-0


[Site "https://www.chess.com"]

[Event "Titled Tuesday Blitz October 31 Late 2023"]
[White "Bjelobrk, Igor"]
[Black "Musovic, Armin"]
[WhiteFideId "4300726"]
[BlackFideId "939935"]
[WhiteElo "2629"]
[BlackElo "2480"]
[Result "1-0"]
[Round "8"]
[TimeControl "180+1"]
[Date "2023.10.31"]
[WhiteClock "0:00:15"]
[BlackClock "0:00:32"]
[Board "37"]

1. d4 d5 2. c4 c5 3. dxc5 e6 4. Nf3 Bxc5 5. e3 Nf6 6. a3 a5 7. Nbd2 O-O 8. b3 Nc6 9. Bb2 d4 10. exd4 Nxd4 11. Be2 e5 12. O-O Re8 13. Re1 Bf5 14. Nxd4 Bxd4 15. Bxd4 Qxd4 16. Nf3 Qc3 17. Bf1 Rad8 18. Qc1 Qxb3 19. Rxe5 Rxe5 20. Nxe5 h6 21. Qf4 Qb2 22. Re1 Qd2 23. Qxd2 Rxd2 24. h3 Ra2 25. g4 Be6 26. Rb1 Ne4 27. Rxb7 Nxf2 28. c5 Bd5 29. Rb8+ Kh7 30. c6 g6 31. c7 Be6 32. c8=Q Bxc8 33. Rxc8 Ne4 34. Nxf7 Ng3 35. Bg2 Rxa3 36. Ne5 Kg7 37. Rc6 Ra2 38. Rxg6+ Kh7 39. Ra6 a4 40. h4 a3 41. g5 hxg5 42. hxg5 Ne2+ 43. Kh1 Nf4 44. Be4+ Kg7 45. Ra7+ Kf8 46. Ng6+ Nxg6 47. Bxg6 Ra1+ 48. Kg2 Ra2+ 49. Kg3 Ra1 50. Be4 a2 51. Bg2 Kg8 52. g6 Kf8 53. g7+ Kg8 54. Bd5+ 1-0


[Site "https://www.chess.com"]

[Event "Titled Tuesday Blitz October 31 Late 2023"]
[White "maksimys18"]
[Black "Vasquez Schroeder, Rodrigo"]
[BlackFideId "3400042"]
[WhiteElo "2536"]
[BlackElo "2862"]
[Result "1/2-1/2"]
[Round "8"]
[TimeControl "180+1"]
[Date "2023.10.31"]
[WhiteClock "0:00:05"]
[BlackClock "0:00:54"]
[Board "38"]

1. d4 Nf6 2. Nf3 e6 3. c4 c5 4. d5 d6 5. Nc3 exd5 6. cxd5 g6 7. Bg5 Bg7 8. e4 a6 9. a4 h6 10. Bh4 g5 11. Bg3 Nh5 12. Be2 Nxg3 13. hxg3 Nd7 14. Qc2 Qe7 15. O-O h5 16. Rae1 h4 17. gxh4 g4 18. Ng5 Rxh4 19. g3 Qxg5 20. gxh4 Qxh4 21. Rd1 Ne5 22. f4 g3 23. Bb5+ axb5 24. fxe5 Bxe5 25. Nxb5 Ke7 26. Rd3 Rxa4 27. Nc3 Bd4+ 28. Rxd4 Rxd4 29. e5 Qh2+ 30. Qxh2 gxh2+ 31. Kxh2 dxe5 32. Kg3 f5 33. Rh1 Rg4+ 34. Kf3 Rg7 35. Rh6 Bd7 36. Rb6 Bc8 37. Na4 Rg4 38. Nxc5 Rd4 39. Nxb7 Rxd5 40. b4 Rd3+ 41. Ke2 e4 42. Nc5 Rc3 43. Rc6 Kd8 44. Ne6+ Bxe6 45. Rxc3 f4 46. b5 Bg4+ 47. Ke1 e3 48. Rc4 Bd7 49. Rxf4 Bxb5 50. Re4 e2 51. Kd2 Kd7 52. Kc3 Kd6 53. Kd4 Ba6 54. Re3 Bb5 55. Kc3 Kd5 56. Kd2 Kd4 57. Re7 Bc4 58. Ke1 Kc3 59. Rc7 Kd4 60. Rd7+ Kc3 61. Rd2 Bd3 62. Ra2 Bc4 63. Ra3+ Kd4 64. Ra4 Kc3 65. Ra3+ Kd4 66. Kd2 Bb5 67. Rh3 Bc4 68. Rh4+ Kd5 69. Rh5+ Kd4 70. Rf5 Bd3 71. Rf8 Bc4 72. Rc8 Bb5 73. Rb8 Bc4 74. Rb4 Kc5 75. Rb1 Kd4 76. Rh1 Kc5 77. Kc3 Bd5 78. Re1 Bf3 79. Kd3 Kd5 80. Ke3 Bg4 81. Rg1 Ke5 82. Kf2 Kf4 83. Rc1 Bh5 84. Rc4+ Kg5 85. Re4 Bg4 86. Kg3 Bh5 87. Re5+ Kf6 88. Kf4 Kg6 89. Re6+ Kf7 90. Re4 Kf6 91. Re3 Kg6 92. Re6+ Kf7 93. Re4 Kf6 94. Rxe2 Bxe2 1/2-1/2


[Site "https://www.chess.com"]

[Event "Titled Tuesday Blitz October 31 Late 2023"]
[White "Mekhitarian, Krikor Sevag"]
[Black "Kochiev, Ivan"]
[WhiteFideId "2107660"]
[BlackFideId "2917890"]
[WhiteElo "2745"]
[BlackElo "2582"]
[Result "1-0"]
[Round "8"]
[TimeControl "180+1"]
[Date "2023.10.31"]
[WhiteClock "0:00:47"]
[BlackClock "0:00:45"]
[Board "39"]

1. Nf3 Nf6 2. c4 c5 3. Nc3 g6 4. e4 d6 5. d4 cxd4 6. Nxd4 Bg7 7. Be2 O-O 8. Be3 Nc6 9. O-O Nxd4 10. Bxd4 a5 11. f4 Nd7 12. Bxg7 Kxg7 13. Qd4+ Kg8 14. Rad1 Nc5 15. e5 Ne6 16. Qf2 Bd7 17. exd6 exd6 18. f5 Nc7 19. fxg6 hxg6 20. Ne4 Bc6 21. Rxd6 Bxe4 22. Rxd8 Raxd8 23. Qf4 1-0


[Site "https://www.chess.com"]

[Event "Titled Tuesday Blitz October 31 Late 2023"]
[White "Przybylski, Wojciech"]
[Black "Alex_Sahakyan2006"]
[WhiteFideId "1117599"]
[WhiteElo "2575"]
[BlackElo "2735"]
[Result "0-1"]
[Round "8"]
[TimeControl "180+1"]
[Date "2023.10.31"]
[WhiteClock "0:00:01"]
[BlackClock "0:00:18"]
[Board "40"]

1. e4 Nc6 2. Nf3 d6 3. d4 Nf6 4. Nc3 g6 5. Be2 Bg7 6. O-O O-O 7. h3 e5 8. Be3 exd4 9. Nxd4 Nxd4 10. Bxd4 Re8 11. Bf3 Be6 12. Re1 Nd7 13. Be3 Ne5 14. Be2 Nc4 15. Bc1 Qh4 16. Rb1 Nb6 17. Bf1 Qf6 18. a4 a5 19. Nb5 Qe7 20. b3 Rad8 21. Bd2 d5 22. e5 Ra8 23. c3 Red8 24. Qf3 Bf5 25. Rbc1 Be4 26. Qg3 c6 27. Nd4 Qxe5 28. Bf4 Qf6 29. f3 c5 30. Nb5 Bf5 31. Bg5 Qc6 32. Bxd8 Rxd8 33. Qc7 Qxc7 34. Nxc7 Bh6 35. Ra1 Bd2 36. Re8+ Rxe8 37. Nxe8 Bxc3 38. Rc1 Bb2 39. Re1 c4 40. bxc4 dxc4 41. Nd6 Be6 42. Ne4 c3 43. Bd3 Nxa4 44. Re2 b6 45. Bc2 b5 46. Nd6 Nc5 47. Nxb5 a4 48. Re5 a3 49. Rxc5 a2 50. Nxc3 a1=Q+ 51. Nb1 Bd4+ 52. Kh2 Bxc5 53. Bd3 Qe5+ 54. g3 Qe3 0-1


[Site "https://www.chess.com"]

[Event "Titled Tuesday Blitz October 31 Late 2023"]
[White "Jaskolka, Tomasz"]
[Black "Harikrishnan.A.Ra"]
[WhiteFideId "1170791"]
[BlackFideId "5081483"]
[WhiteElo "2575"]
[BlackElo "2723"]
[Result "1-0"]
[Round "8"]
[TimeControl "180+1"]
[Date "2023.10.31"]
[WhiteClock "0:00:07"]
[BlackClock "0:00:05"]
[Board "41"]

1. d4 d6 2. e4 Nf6 3. Nc3 g6 4. Bf4 Bg7 5. Qd2 O-O 6. O-O-O Nc6 7. Nf3 Bg4 8. Qe3 Qc8 9. Bh6 Bxf3 10. gxf3 e5 11. dxe5 dxe5 12. h4 Rd8 13. Bxg7 Kxg7 14. Rxd8 Qxd8 15. Bc4 Qd4 16. Bd5 Qxe3+ 17. fxe3 Nd8 18. Kd2 c6 19. Bb3 Kf8 20. Ke2 Ke7 21. f4 Ne6 22. Bxe6 Kxe6 23. Rd1 Nd7 24. Kf3 Nb6 25. h5 Rg8 26. hxg6 fxg6 27. Rh1 Rg7 28. b3 Nc8 29. Nd1 Nd6 30. Nf2 Nb5 31. Nd3 exf4 32. exf4 Nd4+ 33. Kg4 h5+ 34. Kg5 Nf3+ 35. Kh6 Rg8 36. Kh7 Rd8 37. Kxg6 Rg8+ 38. Kh7 Kf7 39. Rh3 Nd4 40. Ne5+ Kf8 41. Rxh5 Rg2 42. Ng6+ Kf7 43. Ne5+ Kf6 44. Rh6+ Ke7 45. f5 Rf2 46. Ng6+ Kf6 47. Nf4+ Kf7 48. Nd3 Rxc2 49. Ne5+ Ke7 50. f6+ Kf8 51. Ng6+ Kf7 52. e5 Ne6 53. Nh8+ Kf8 54. Kg6 Rf2 55. Rh7 Nf4+ 56. Kf5 Nd3+ 57. Ke6 Nc5+ 58. Kd6 Ne4+ 59. Kd7 Rd2+ 60. Kc7 Ng5 61. Ng6+ Ke8 62. Re7# 1-0


[Site "https://www.chess.com"]

[Event "Titled Tuesday Blitz October 31 Late 2023"]
[White "Blomqvist, Erik"]
[Black "Blanco Ronquillo, Humberto L."]
[WhiteFideId "1709437"]
[BlackFideId "3504239"]
[WhiteElo "2564"]
[BlackElo "2722"]
[Result "0-1"]
[Round "8"]
[TimeControl "180+1"]
[Date "2023.10.31"]
[WhiteClock "0:00:00"]
[BlackClock "0:00:57"]
[Board "42"]

1. e4 e5 2. Nf3 Nc6 3. Bb5 f5 4. d3 fxe4 5. dxe4 Nf6 6. O-O Bc5 7. Bxc6 bxc6 8. Nxe5 O-O 9. Nc3 d6 10. Na4 Nxe4 11. Nxc5 Nxc5 12. Nxc6 Qe8 13. Nd4 Bb7 14. f3 Qg6 15. Be3 Rae8 16. Qd2 Nd7 17. Kh1 Ne5 18. Bf4 Nc4 19. Qb4 Nb6 20. Bg3 c5 21. Qa3 a6 22. Qb3+ Bd5 23. Qxb6 cxd4 24. Qxd4 Ba8 25. Rf2 Re6 26. Rd1 Rfe8 27. Kg1 h6 28. Rfd2 d5 29. a4 Kh8 30. b4 Bc6 31. Ra1 Qf7 32. Qd3 Qb7 33. c3 Re3 34. Qd4 R3e6 35. Bf2 Rg6 36. h3 Kh7 37. Kh2 Rf8 38. Qh4 Rf5 39. Bd4 Rfg5 40. b5 axb5 41. axb5 Qxb5 42. Ra7 Qf1 0-1


[Site "https://www.chess.com"]

[Event "Titled Tuesday Blitz October 31 Late 2023"]
[White "Gubajdullin, Alexei"]
[Black "Hoang, Thi Bao Tram"]
[WhiteFideId "4141202"]
[BlackFideId "12401102"]
[WhiteElo "2697"]
[BlackElo "2555"]
[Result "0-1"]
[Round "8"]
[TimeControl "180+1"]
[Date "2023.10.31"]
[WhiteClock "0:00:00"]
[BlackClock "0:00:42"]
[Board "43"]

1. d4 d5 2. Nf3 Nf6 3. Bf4 g6 4. Nbd2 Bg7 5. e3 O-O 6. Be2 c5 7. c3 Nc6 8. O-O b6 9. Ne5 Bb7 10. a4 Nd7 11. Nxc6 Bxc6 12. a5 e5 13. dxe5 Nxe5 14. Bxe5 Bxe5 15. axb6 axb6 16. Qb3 Bc7 17. Bf3 Qd7 18. g3 Rfd8 19. Rxa8 Rxa8 20. c4 dxc4 21. Bxc6 Qxc6 22. Qxc4 Rd8 23. Ne4 Be5 24. b3 b5 25. Qc2 c4 26. Rc1 Rc8 27. bxc4 bxc4 28. h4 h5 29. Rb1 c3 30. Ng5 Bf6 31. Ne4 Bg7 32. Rd1 Re8 33. Ng5 Bf6 34. Rb1 Bxg5 35. hxg5 Rd8 36. Rc1 Rd2 37. Qb3 c2 38. Qb8+ Kh7 0-1


[Site "https://www.chess.com"]

[Event "Titled Tuesday Blitz October 31 Late 2023"]
[White "Burke, Carol Ann"]
[Black "Tologon tegin, Semetei"]
[WhiteFideId "11104643"]
[BlackFideId "13800574"]
[WhiteElo "2697"]
[BlackElo "2545"]
[Result "0-1"]
[Round "8"]
[TimeControl "180+1"]
[Date "2023.10.31"]
[WhiteClock "0:00:00"]
[BlackClock "0:00:42"]
[Board "44"]

1. d4 Nc6 2. Nf3 d5 3. Bf4 Nf6 4. e3 Bf5 5. Bb5 Nd7 6. Nbd2 e6 7. O-O Bd6 8. Bg5 f6 9. Bh4 Ne7 10. Re1 c6 11. Bf1 g5 12. Bg3 Bxg3 13. hxg3 Qc7 14. c4 Bg6 15. cxd5 exd5 16. e4 O-O-O 17. e5 fxe5 18. Nxe5 Nxe5 19. Rxe5 h6 20. Nb3 Rde8 21. Nc5 Nf5 22. Rxe8+ Rxe8 23. Bd3 Qf7 24. Qa4 Kb8 25. Rd1 Bh5 26. Rc1 Nd6 27. Qb4 Ka8 28. Re1 Bg6 29. a3 Bxd3 30. Nxd3 Ne4 31. g4 Qf6 32. f3 Nd6 33. Re5 Rd8 34. Qe1 Nf7 35. Re8 Qxd4+ 36. Nf2 Qf6 37. Re7 a6 38. b4 d4 39. Nd3 Nd6 40. Re6 Qf7 41. Rxh6 Nc4 42. Qc1 Ne3 43. Qc5 Qa2 44. Ne1 Qe2 45. Qc1 d3 0-1


[Site "https://www.chess.com"]

[Event "Titled Tuesday Blitz October 31 Late 2023"]
[White "Deeper44"]
[Black "Tokhirjonova, Gulrukhbegim"]
[BlackFideId "14203626"]
[WhiteElo "2537"]
[BlackElo "2684"]
[Result "1-0"]
[Round "8"]
[TimeControl "180+1"]
[Date "2023.10.31"]
[WhiteClock "0:00:04"]
[BlackClock "0:00:04"]
[Board "45"]

1. d4 Nf6 2. c4 e6 3. g3 c5 4. d5 exd5 5. cxd5 Bd6 6. Bg2 O-O 7. Nf3 b5 8. O-O b4 9. a3 a5 10. axb4 cxb4 11. b3 Ba6 12. Bb2 Re8 13. Re1 Bc5 14. Nbd2 d6 15. Nd4 Qb6 16. e3 Nbd7 17. Nc6 Bb5 18. h3 Ne5 19. Nxe5 dxe5 20. Qc2 Rac8 21. Qf5 Rcd8 22. Nc4 Bxc4 23. bxc4 Nd7 24. Be4 g6 25. Qf3 Qc7 26. Bc2 Bb6 27. Ba4 Nc5 28. Bxe8 Rxe8 29. Qf6 Nd3 30. Reb1 Qa7 31. Qc6 Rd8 32. Bc1 Nc5 33. Rxb4 Bc7 34. Rb5 Bd6 35. Rab1 a4 36. Ba3 Ne4 37. Rb7 Qa5 38. Bxd6 Rxd6 39. Qc8+ Kg7 40. Qc7 Qd2 41. Qxf7+ Kh6 42. Qxh7+ Kg5 43. Qh4+ Kf5 44. Rf7+ Nf6 45. Qg4# 1-0


[Site "https://www.chess.com"]

[Event "Titled Tuesday Blitz October 31 Late 2023"]
[White "Janaszak, Dawid"]
[Black "Sturt, Raven"]
[WhiteFideId "1119206"]
[BlackFideId "2007304"]
[WhiteElo "2674"]
[BlackElo "2538"]
[Result "0-1"]
[Round "8"]
[TimeControl "180+1"]
[Date "2023.10.31"]
[WhiteClock "0:00:18"]
[BlackClock "0:00:39"]
[Board "46"]

1. e4 e5 2. Nf3 Nc6 3. d4 exd4 4. Nxd4 Nf6 5. Nxc6 bxc6 6. e5 Qe7 7. Qe2 Nd5 8. c4 Ba6 9. h4 f6 10. Rh3 fxe5 11. Ra3 Nb4 12. Bg5 Qe6 13. Re3 d6 14. a3 Bxc4 15. Qh5+ g6 16. Qf3 Nc2+ 17. Kd2 Bd5 18. Qf6 Nxe3 19. Kxe3 Rg8 20. Nc3 Qxf6 21. Bxf6 Be7 22. Bxe7 Kxe7 23. Ba6 Rab8 24. b4 Ke6 25. f3 Rgf8 26. Rc1 Rf7 27. b5 c5 28. Nxd5 Kxd5 29. b6 Kc6 30. Bc4 d5 31. bxa7 Ra8 32. Bd3 c4 33. Rxc4+ dxc4 34. Be4+ Kb6 35. Bxa8 c6 36. Bxc6 Rxa7 37. Bd5 Kc5 38. Bg8 Rxa3+ 39. Kd2 Kd4 40. Bxh7 Ra2+ 41. Ke1 Rxg2 42. Kf1 c3 43. Kxg2 c2 44. Bxg6 c1=Q 45. h5 0-1


[Site "https://www.chess.com"]

[Event "Titled Tuesday Blitz October 31 Late 2023"]
[White "Mendez Fortes, Eduardo Jesus"]
[Black "Avazkhonov, Alikhon"]
[WhiteFideId "3502376"]
[BlackFideId "14208504"]
[WhiteElo "2670"]
[BlackElo "2532"]
[Result "1-0"]
[Round "8"]
[TimeControl "180+1"]
[Date "2023.10.31"]
[WhiteClock "0:01:24"]
[BlackClock "0:00:02"]
[Board "47"]

1. e4 c5 2. Nf3 d6 3. d4 cxd4 4. Nxd4 Nf6 5. Nc3 a6 6. Bg5 e6 7. f4 h6 8. Bh4 Be7 9. Qf3 Nbd7 10. O-O-O Qc7 11. Qg3 O-O 12. Be2 b5 13. a3 Bb7 14. f5 e5 15. Nb3 Nxe4 16. Nxe4 Bxe4 17. Bd3 Bxh4 18. Qxh4 Bxd3 19. Rxd3 Rac8 20. c3 Qc4 21. Qxc4 bxc4 22. Rxd6 Nf6 23. Nd2 e4 24. Re1 Rfe8 25. Rxa6 e3 26. Nf1 Nd5 27. g3 e2 28. Nd2 Re3 29. Rd6 Nf6 30. Rd4 h5 31. Nxc4 Re7 32. Nd2 Ng4 33. Re4 Rce8 34. R1xe2 Rxe4 35. Rxe4 Rd8 36. a4 Nf2 37. Rd4 Rb8 38. b4 1-0


[Site "https://www.chess.com"]

[Event "Titled Tuesday Blitz October 31 Late 2023"]
[White "Al-Tarboush, Ward"]
[Black "Toncheva, Nadya"]
[WhiteFideId "7601450"]
[BlackFideId "2924056"]
[WhiteElo "2659"]
[BlackElo "2527"]
[Result "0-1"]
[Round "8"]
[TimeControl "180+1"]
[Date "2023.10.31"]
[WhiteClock "0:00:31"]
[BlackClock "0:00:09"]
[Board "48"]

1. e4 c5 2. Nf3 Nc6 3. d4 cxd4 4. Nxd4 g6 5. c4 Bg7 6. Be3 Nf6 7. Nc3 O-O 8. f3 d6 9. Be2 Bd7 10. O-O Nxd4 11. Bxd4 a5 12. b3 Bc6 13. Qd2 Nd7 14. Rfd1 Nc5 15. Rac1 Ne6 16. Be3 Nc5 17. Nd5 Bxd5 18. cxd5 b6 19. Bb5 Rc8 20. Bc6 Rc7 21. Qc2 Qb8 22. a3 Nd7 23. b4 axb4 24. axb4 Ne5 25. b5 Nd7 26. Ra1 Bxa1 27. Rxa1 f6 28. Qb2 Ra7 29. Ra6 Nc5 30. Bxc5 bxc5 31. Rxa7 Qxa7 32. b6 Qa5 33. h3 Rb8 34. b7 Qe1+ 35. Kh2 Qb4 36. Qe2 Rxb7 37. Bxb7 Qxb7 38. f4 Qb4 39. Kg3 Qc3+ 40. Kf2 Qd4+ 41. Kf3 c4 42. Qe3 Qb2 43. e5 fxe5 44. f5 Qb3 45. fxg6 Qxe3+ 46. Kxe3 hxg6 47. h4 Kg7 48. g4 Kf6 49. Kd2 e4 50. Ke3 c3 51. Ke2 Ke5 52. Ke3 Kxd5 53. h5 gxh5 54. gxh5 Ke5 55. h6 Kf6 0-1


[Site "https://www.chess.com"]

[Event "Titled Tuesday Blitz October 31 Late 2023"]
[White "Goltsev, Dmitry"]
[Black "Bazilius, Augustinas"]
[WhiteFideId "24176710"]
[BlackFideId "12832251"]
[WhiteElo "2658"]
[BlackElo "2516"]
[Result "1/2-1/2"]
[Round "8"]
[TimeControl "180+1"]
[Date "2023.10.31"]
[WhiteClock "0:00:03"]
[BlackClock "0:00:01"]
[Board "49"]

1. e4 d6 2. Nf3 Nf6 3. Nc3 c5 4. e5 dxe5 5. Nxe5 e6 6. Bb5+ Nbd7 7. Qf3 Qc7 8. Bxd7+ Bxd7 9. Nxd7 Qxd7 10. O-O Be7 11. d3 O-O 12. b3 Ne8 13. Ne4 Qd4 14. Be3 Qd5 15. Qg3 Nd6 16. Nc3 Qh5 17. Rae1 Nf5 18. Qf3 Qxf3 19. gxf3 Nh4 20. Rd1 Nxf3+ 21. Kg2 Nd4 22. Rd2 Bf6 23. Ne4 b6 24. f4 Rfd8 25. Kh1 Nf5 26. Bf2 Bd4 27. Rg1 Kf8 28. h3 Ne7 29. Ng5 h6 30. Nf3 Bxf2 31. Rxf2 Ng6 32. Nd2 Rd5 33. Ne4 Rad8 34. Rgf1 Ne7 35. Kh2 Nf5 36. Rg1 b5 37. a4 a6 38. axb5 axb5 39. Ra1 c4 40. bxc4 bxc4 41. dxc4 Rd4 42. Nc5 Rxc4 43. Nd3 Rdc8 44. Ne5 Rxc2 45. Kg1 Rxf2 46. Kxf2 Rc7 47. Ra8+ Ke7 48. Ra6 Nd6 49. Ra4 Rc2+ 50. Ke1 Rc7 51. Ra8 Kf6 52. Rd8 Nf5 53. Kf2 Rc2+ 54. Kf3 Rc3+ 55. Kf2 Rxh3 56. Rd7 Ne7 57. Ng4+ Kf5 58. Ne3+ Kxf4 59. Ng2+ Kg5 60. Rxe7 Kf6 61. Rd7 Rh5 62. Ne3 Rh4 63. Kf3 Ra4 64. Ng4+ Kg6 65. Ne5+ Kf6 66. Nxf7 Ra3+ 67. Ke4 g5 68. Nd6 Ra4+ 69. Ke3 Ke5 70. Nf7+ Kf6 71. Nxh6 g4 72. Rd8 Kg5 73. Nf7+ Kf6 74. Nd6 Ra3+ 75. Kf4 Ra4+ 76. Kg3 Ke5 77. Nf7+ Kf6 78. Nd6 Ke5 79. Nc8 Ke4 80. Kxg4 e5 81. Nd6+ Ke3+ 82. Kg5 e4 83. Re8 Ra5+ 84. Kg4 Ra4 85. Nf5+ Ke2 86. Kf4 e3+ 87. Kg3 Ke1 88. Nxe3 Kd2 89. Kf3 Kc1 90. Rc8+ Kb1 91. Ke2 Ra2+ 92. Kd1 Ra3 93. Nc4 Rh3 94. Rb8+ Ka2 95. Kc2 Rh2+ 96. Nd2 Ka3 97. Kd3 Ka4 98. Ne4 Rh3+ 99. Kd4 Rh4 100. Kd5 Ka3 101. Nc5 Rh5+ 102. Kc4 Rh4+ 103. Kc3 Rh3+ 104. Nd3 Ka4 105. Rb4+ Ka5 106. Rb1 Ka6 107. Kc4 Rh4+ 108. Kd5 Rh5+ 109. Ne5 Ka5 110. Kd6 Ka4 111. Rb8 Ka3 112. Nd3 Rh6+ 113. Kc5 Rh5+ 114. Kc4 Rh4+ 115. Kc3 Ka4 116. Nc5+ Ka5 117. Ne6 Rh3+ 118. Kc4 Rh4+ 119. Nd4 Ka6 120. Rb4 Ka5 121. Rb5+ Ka6 122. Rb1 Rh5 123. Nc6 Rh4+ 124. Kd5 Rh5+ 125. Ne5 Ka5 126. Rb8 Ka4 127. Kc4 Rh4+ 128. Kc3 Rh3+ 129. Nd3 Ka5 130. Rb3 Ka6 131. Kc4 Ka7 132. Ra3+ Kb8 133. Rb3+ Kc8 134. Kd5 Rh5+ 135. Ne5 Rg5 136. Kd6 Rh5 137. Nf7 Rf5 138. Rc3+ 1/2-1/2


[Site "https://www.chess.com"]

[Event "Titled Tuesday Blitz October 31 Late 2023"]
[White "Tikhonov, Viacheslav"]
[Black "Schwabeneder, Florian"]
[WhiteFideId "44196407"]
[BlackFideId "1626191"]
[WhiteElo "2512"]
[BlackElo "2650"]
[Result "1-0"]
[Round "8"]
[TimeControl "180+1"]
[Date "2023.10.31"]
[WhiteClock "0:00:04"]
[BlackClock "0:00:11"]
[Board "50"]

1. e4 g6 2. d4 Bg7 3. Nc3 a6 4. a4 d6 5. Be3 b6 6. h3 Bb7 7. g4 Nd7 8. Bg2 e5 9. Nge2 Ne7 10. O-O O-O 11. Qd2 exd4 12. Bxd4 Bxd4 13. Nxd4 Nc6 14. f4 Nxd4 15. Qxd4 Qf6 16. e5 dxe5 17. fxe5 Qxe5 18. Qxe5 Nxe5 19. Bxb7 Rad8 20. Bxa6 Nc6 21. Rad1 Nb4 22. Rxd8 Rxd8 23. Rf2 Nxa6 24. Nb5 c6 25. Na3 Nc5 26. b3 Ne4 27. Re2 Nc3 28. Re3 Nd5 29. Rd3 Re8 30. Kf2 Nf4 31. Rd6 Rc8 32. Nc4 b5 33. Nb6 Rc7 34. a5 Nxh3+ 35. Kg3 Ng5 36. Rd8+ Kg7 37. a6 Ne4+ 38. Kf4 Nc5 39. Ra8 Ne6+ 40. Ke5 c5 41. a7 Re7 42. Kd6 Rb7 43. Kc6 Rc7+ 44. Kd6 Kf6 45. Nd5+ Kg5 46. Nxc7 Nd4 47. Kxc5 Nxc2 48. Rf8 Ne3 49. a8=Q Nxg4 50. Qg2 f5 51. Ne6+ Kh6 52. Qh3# 1-0


[Site "https://www.chess.com"]